AoeStats
← Kiliethink

Arabia

508084154Analyzed
4v4 RM · 11d ago on Sep 20, 2026· 31m 31s· 8 players
Game mode
Random Map
Map size
Large (8 player)
Population
200
Speed
Normal
Resources
Standard
Victory
Conquest
Starting age
Dark Age
Ending age
Imperial Age
RankedLock teamsTeams togetherTeam positionsShared explorationLock speedFull tech treeHidden civsTurbo modeCheats
Victory
Defeat
🇩🇪 Berbers · Germany
1420
+7
🇩🇪 Persians · Germany
1187
+16
🇩🇪 Britons · Germany
1160
+17
🇩🇪 Mongols · Germany
986
+22
🇧🇷 Chinese · Brazil
1238
-18
🇪🇸 Byzantines · Spain
1193
-16
🇲🇽 Lithuanians · Mexico
1174
-15
🇮🇱 Britons · Israel
1119
-13
J_Dav
6:48 Loom
9:24 Feudal Age
14:30 Bloodlines
20:00 Forging
25:15 Castle Age
23:44 Double-Bit Axe
24:07 Horse Collar
24:49 Gold Mining
26:41 Scale Barding Armor
29:36 Iron Casting
xpellicer1992
10:04 Feudal Age
14:53 Loom
20:49 Castle Age
20:43 Forging
20:35 Scale Mail Armor
20:38 Double-Bit Axe
20:37 Horse Collar
20:52 Gold Mining
23:38 Scale Barding Armor
25:45 Husbandry
26:02 Chain Mail Armor
Spitfire
7:31 Loom
9:21 Feudal Age
10:09 Double-Bit Axe
17:33 Wheelbarrow
17:05 Fletching
21:08 Town Watch
27:22 Castle Age
26:26 Padded Archer Armor
CABRA_MACHO
0:32 Loom
10:07 Feudal Age
10:35 Double-Bit Axe
22:56 Castle Age
21:32 Fletching
21:43 Padded Archer Armor
22:38 Horse Collar
23:54 Wheelbarrow
22:59 Crossbowman
23:45 Thumb Ring
24:16 Bodkin Arrow
25:53 Bow Saw
28:17 Leather Archer Armor
Kiliethink
6:44 Loom
7:32 Loom
10:05 Feudal Age
11:26 Double-Bit Axe
21:24 Castle Age
19:37 Gold Mining
19:35 Horse Collar
20:55 Bloodlines
20:52 Scale Barding Armor
22:49 Chain Barding Armor
23:47 Husbandry
27:17 Forging
rafimeister.
8:25 Loom
10:37 Feudal Age
12:46 Double-Bit Axe
15:46 Fletching
17:27 Padded Archer Armor
26:39 Castle Age
26:15 Gold Mining
26:08 Horse Collar
26:48 Crossbowman
27:33 Bodkin Arrow
29:44 Leather Archer Armor
29:49 Heavy Plow
Sir Dman II.
5:46 Loom
8:46 Feudal Age
9:11 Double-Bit Axe
9:39 Horse Collar
16:37 Scale Barding Armor
19:01 Bloodlines
22:11 Castle Age
23:00 Bow Saw
23:11 Chain Barding Armor
23:59 Forging
26:21 Wheelbarrow
28:28 Hand Cart
Sarah0nFire
7:12 Loom
10:01 Feudal Age
11:55 Double-Bit Axe
15:51 Fletching
16:15 Padded Archer Armor
21:35 Gold Mining
21:26 Horse Collar
24:35 Castle Age
25:29 Bodkin Arrow
25:50 Leather Archer Armor
25:27 Crossbowman
26:23 Bow Saw
26:14 Heavy Plow
28:01 Wheelbarrow
29:24 Ballistics
Connection lost

Rejoining the realm…

Still unreachable

The connection could not be restored.

Session expired

The server has moved on; the page needs a fresh start.